 Dungeon Crawl Stone Soup version 0.29-a0-506-ga2e7fffb44 (webtiles) character file.

Game seed: 16176685459969038155

25193 pokeman the Eclecticist (level 12, -1/70 HPs)
             Began as a Deep Elf Hedge Wizard on May 28, 2022.
             Was a Priest of Vehumet.
             Killed from afar by a frost giant (24 damage)
             ... with a bolt of cold
             ... in an ice cave.
             The game lasted 01:20:20 (15928 turns).

pokeman the Eclecticist (Deep Elf Hedge Wizard)    Turns: 15928, Time: 01:20:20

Health: -1/70      AC:  9    Str:  7    XL:     12   Next: 87%
Magic:  24/36      EV: 11    Int: 35    God:    Vehumet [***...]
Gold:   565        SH:  0    Dex: 14    Spells: 32/47 levels left

rFire   . . .      SeeInvis .   T - +10 whip "Oxuwodoi" {vorpal, *Rage rN+ Int+4}
rCold   + . .      Faith    .   (no shield)
rNeg    + . .      Spirit   .   A - +0 acid dragon scales
rPois   .          Reflect  .   U - +2 hat {Will+}
rElec   .          Harm     .   (no cloak)
rCorr   +          Rampage  .   (no gloves)
Will    ++...      Rage     20% (no boots)
Stlth   ++........              w - amulet of regeneration
HPRegen 1.01/turn               u - ring of protection from cold
MPRegen 0.25/turn               a - +6 ring of intelligence

@: no status effects
A: no striking features
a: Renounce Religion


You were in an ice cave.
You worshipped Vehumet.
Vehumet was most pleased with you.
You visited 2 branches of the dungeon, and saw 12 of its levels.
You also visited: Bailey and Ice Cave.

You collected 1091 gold pieces.
You spent 526 gold pieces at shops.

Inventory:

Hand Weapons
 T - the +10 whip "Oxuwodoi" (weapon) {vorpal, *Rage rN+ Int+4}
   (You bought it in a shop on level 7 of the Dungeon)

   It inflicts extra damage upon your enemies.
   Int:       It affects your intelligence (+4).
   rN:        It protects you from negative energy.
   *Rage:     It berserks you when you make melee attacks (+20% chance).
Missiles
 W - a throwing net
Armour
 e - an orb of mayhem
 A - +0 acid dragon scales (worn)
 U - a +2 hat of willpower (worn)
Magical Staves
 o - a staff of fire
Jewellery
 a - a +6 ring of intelligence (right hand)
 l - a ring of wizardry
 t - a ring of protection from fire
 u - a ring of protection from cold (left hand)
 w - an amulet of regeneration (around neck)
 D - a ring of flight
 X - a ring of poison resistance
Wands
 k - a wand of acid (7)
 L - a wand of iceblast (25)
Scrolls
 c - 6 scrolls of teleportation
 F - a scroll of magic mapping
 H - 3 scrolls of enchant armour {unknown}
 I - 2 scrolls of enchant weapon {unknown}
 R - 2 scrolls of blinking {unknown}
Potions
 b - 6 potions of curing
 d - 2 potions of magic
 f - a potion of attraction {unknown}
 h - 3 potions of lignification {unknown}
 j - 2 potions of berserk rage {unknown}
 n - a potion of heal wounds {unknown}
 s - 5 potions of brilliance {unknown}
 J - a potion of degeneration {unknown}
 M - a potion of cancellation {unknown}
Miscellaneous
 S - a condenser vane


   Skills:
 - Level 6.0 Fighting
 + Level 5.2 Armour
 - Level 3.0 Dodging
 - Level 3.0 Stealth
 * Level 18.2 Spellcasting
 + Level 10.9 Conjurations
 - Level 1.1 Summonings
 - Level 1.1 Translocations
 + Level 10.4 Fire Magic
 - Level 1.0 Air Magic
 - Level 1.0 Earth Magic
 - Level 1.2 Poison Magic
 - Level 1.1 Evocations


You had 32 spell levels left.
You knew the following spells:

 Your Spells              Type           Power      Damage    Failure   Level
a - Magic Dart            Conj           100%       1d8       0%          1
b - Mephitic Cloud        Conj/Pois/Air  58%        N/A       1%          3
c - Call Imp              Summ           39%        N/A       1%          2
d - Blink                 Tloc           78%        N/A       1%          2
e - Conjure Flame         Conj/Fire      82%        6-21      1%          3
f - Foxfire               Conj/Fire      100%       2x1d9     0%          1
g - Stone Arrow           Conj/Erth      100%       3d13      1%          3

Your spell library contained the following spells:

 Spells                   Type           Power      Damage    Failure   Level
 Searing Ray              Conj           100%       2d8       1%          2
 Sandblast                Erth           76%        2d16      1%          1
 Slow                     Hex            100%       N/A       1%          1
 Passwall                 Tmut/Erth      29%        N/A       2%          2
 Manifold Assault         Tloc           39%        N/A       32%         5
 Storm Form               Tmut/Air       17%        N/A       100%        7


Dungeon Overview and Level Annotations

Branches:
Dungeon (11/15)            Temple (1/1) D:7            Lair (0/6) D:8
 Bailey (visited)           IceCv (1/1)
    Orc: D:9-12

Altars:
Cheibriados
Ru
Sif Muna
Vehumet
Wu Jian

Shops:
D:7 ?((*:

Annotations:
IceCv exclusion: ice statue


Message History

You whack the death yak!
You kill the death yak!
Vehumet accepts your kill.
You feel your power returning.
You swap places.
The frost giant is engulfed in blazing flames.
The frost giant hits your shadow imp with a +1 battleaxe of freezing!!
Your shadow imp dies!
Your shadow imp disappears in a puff of smoke!
The frost giant is engulfed in blazing flames.
The frost giant hits you with a +1 battleaxe of freezing.
Casting: Call Imp (safe; 1% risk of failure)
Confirm with . or Enter, or press ? or * to list all spells.
Aiming: Stone Arrow (safe; 1% risk of failure)
Press: ? - help, Shift-Dir - straight line, f - frost giant
Aim: a frost giant, wielding a +1 battleaxe of freezing (lightly wounded, 98% to hit)
The stone arrow hits the frost giant.
The frost giant is moderately wounded.
The frost giant points at you and mumbles some strange words.
The bolt of cold hits you! You resist.
Casting: Stone Arrow (safe; 1% risk of failure)
Confirm with . or Enter, or press ? or * to list all spells.
Aiming: Stone Arrow (safe; 1% risk of failure)
Press: ? - help, Shift-Dir - straight line, f/p - frost giant
Aim: a frost giant, wielding a +1 battleaxe of freezing (grey smoke, moderately wounded, 98% to hit)
The stone arrow hits the frost giant.
The frost giant is moderately wounded.
The frost giant points at you and mumbles some strange words.
The bolt of cold hits you! You resist.
You hear a howl!
Casting: Stone Arrow (safe; 1% risk of failure)
Confirm with . or Enter, or press ? or * to list all spells.
Aiming: Stone Arrow (safe; 1% risk of failure)
Press: ? - help, Shift-Dir - straight line, f/p - frost giant
Aim: a frost giant, wielding a +1 battleaxe of freezing (moderately wounded, 98% to hit)
The stone arrow hits the frost giant!
The frost giant is moderately wounded.
The frost giant gestures at you while chanting.
The bolt of cold hits you!! You resist.
You die...

##### ### §§#.###
######.#####
§§☼.§.###.......@CY#
§§§☼.☼.#.####.∩.###h$?})#
.§§..##..# ##.## .###)#
○☼######## ### h. ###


ChY Yh.# ..## ### You could see a frost giant, a death yak and a wolf.

Vanquished Creatures
  Gastronok (D:9)
  A boulder beetle (D:6)
  Harold (D:10)
  2 vault guards (Bailey)
  Erica (D:8)
  3 two-headed ogres
  A death yak (IceCv)
  A skeletal warrior (D:8)
  Lodul (D:10)
  Pikel (D:8)
  A gargoyle (D:8)
  An efreet (D:8)
  2 ice devils (D:11)
  2 trolls
  2 hornets (D:8)
  3 polar bears (IceCv)
  Prince Ribbit (Bailey)
  5 slime creatures (D:9)
  A shadow (D:11)
  A wraith (D:9)
  5 wyverns
  Eustachio (D:6)
  24 yaks
  2 basilisks (D:8)
  6 humans (Bailey)
  A steam dragon (D:9)
  Menkaure (D:6)
  An acid dragon (D:8)
  5 water moccasins
  2 sky beasts
  A black bear (D:5)
  2 ice beasts (D:5)
  3 orc warriors
  11 ogres
  18 wolves (IceCv)
  3 centaurs
  A kobold brigand (D:8)
  16 bullfrogs
  3 necrophages
  A gnoll sergeant (D:8)
  2 scorpions
  3 wights (D:6)
  6 killer bees
  4 howler monkeys
  4 hounds
  4 jellies
  8 orc priests
  A hound (shapeshifter) (D:8)
  4 iguanas
  11 orc wizards
  Robin (D:3)
  2 gnolls (Bailey)
  5 adders
  A white imp (D:6)
  An ufetubus (D:4)
  A worm (D:4)
  2 dart slugs (D:1)
  31 orcs
  5 ball pythons
  8 endoplasms
  7 giant cockroaches
  21 goblins
  11 hobgoblins
  5 jackals
  12 kobolds
  2 quokkas (D:1)
  5 bats (D:1)
  3 frilled lizards
  9 rats
318 creatures vanquished.

Vanquished Creatures (collateral kills)
  A steam dragon (D:6)
  An ogre (D:5)
  A kobold brigand (D:6)
  An iguana (D:5)
  4 kobolds (D:6)
8 creatures vanquished.

Vanquished Creatures (others)
  Maggie (D:6)
  116 foxfires
  13 plants
130 creatures vanquished.

Grand Total: 456 creatures vanquished

Notes
Turn   | Place    | Note
-------+----------+-------------------------------------------
     0 | D:1      | pokeman the Deep Elf Hedge Wizard began the quest for the
                  | Orb.
     0 | D:1      | Reached XP level 1. HP: 10/10 MP: 7/7
   167 | D:1      | Found a faded altar of an unknown god.
   309 | D:1      | Reached XP level 2. HP: 16/16 MP: 5/9
   900 | D:1      | Reached skill level 5 in Spellcasting
  1430 | D:2      | Reached XP level 3. HP: 16/20 MP: 5/11
  1440 | D:2      | Learned a level 3 spell: Mephitic Cloud
  1445 | D:1      | Learned a level 2 spell: Call Imp
  1448 | D:1      | Learned a level 2 spell: Blink
  1452 | D:1      | Learned a level 3 spell: Conjure Flame
  1987 | D:2      | Reached skill level 1 in Fighting
  2047 | D:2      | Reached skill level 1 in Armour
  2142 | D:2      | Reached XP level 4. HP: 25/25 MP: 0/13
  3015 | D:3      | Noticed Robin
  3022 | D:3      | Killed Robin
  3038 | D:3      | Reached skill level 6 in Spellcasting
  3228 | D:3      | Found a shimmering blue altar of Sif Muna.
  3302 | D:3      | Found an ornate altar of the Wu Jian Council.
  3303 | D:3      | Found a sacrificial altar of Ru.
  3468 | D:4      | Noticed an ogre
  3469 | D:4      | Reached XP level 5. HP: 29/29 MP: 12/15
  3475 | D:4      | Killed an ogre
  3476 | D:4      | Reached skill level 1 in Fire Magic
  3675 | D:4      | Reached XP level 6. HP: 34/34 MP: 7/17
  3684 | D:4      | Reached skill level 1 in Air Magic
  3751 | D:4      | Reached skill level 7 in Spellcasting
  3751 | D:4      | Reached skill level 1 in Evocations
  3896 | D:4      | Reached skill level 1 in Earth Magic
  4465 | D:5      | Entered Level 5 of the Dungeon
  4475 | D:5      | Noticed an ice beast
  4490 | D:5      | Killed an ice beast
  4491 | D:5      | Reached skill level 1 in Poison Magic
  4491 | D:5      | Reached XP level 7. HP: 38/38 MP: 6/20
  4717 | D:5      | Reached skill level 8 in Spellcasting
  5594 | D:5      | Reached XP level 8. HP: 44/44 MP: 3/22
  5754 | D:6      | Noticed a boulder beetle
  5812 | D:5      | Reached skill level 9 in Spellcasting
  6158 | D:6      | Noticed Menkaure
  6168 | D:6      | HP: 1/44 [Menkaure/nerve-wracking pain (6)]
  6169 | D:6      | Killed Menkaure
  6236 | D:6      | Noticed Eustachio
  6266 | D:6      | Reached skill level 5 in Conjurations
  6455 | D:6      | Reached skill level 10 in Spellcasting
  6652 | D:6      | Noticed Maggie
  6841 | D:6      | Your ally Maggie died
  7095 | D:6      | Killed Eustachio
  7096 | D:6      | Reached XP level 9. HP: 48/48 MP: 20/25
  7471 | D:6      | Reached skill level 11 in Spellcasting
  7631 | D:6      | Reached skill level 5 in Fire Magic
  7637 | D:6      | Identified the +1 leather armour of the Yeti {+Blink rC+
                  | Regen+ Int+2}
  7923 | D:7      | Found a staircase to the Ecumenical Temple.
  7938 | D:7      | Found Ninkael's Magic Scroll Shoppe.
  7980 | D:7      | Found Qacwirr's Weapon Boutique.
  7987 | D:7      | Found Xeqem's Weapon Shoppe.
  8110 | D:7      | HP: 2/49 [wyvern (11)]
  8151 | D:7      | Found a flagged portal.
  8166 | Bailey   | Entered a bailey
  8287 | Bailey   | Reached skill level 12 in Spellcasting
  8317 | Bailey   | HP: 1/51 [bullfrog (5)]
  8444 | Bailey   | Reached XP level 10. HP: 56/56 MP: 6/28
  8821 | Bailey   | Noticed Prince Ribbit
  8822 | Bailey   | Noticed a vault guard
  8852 | Bailey   | Killed a vault guard
  8853 | Bailey   | Reached skill level 13 in Spellcasting
  8859 | Bailey   | Killed Prince Ribbit
  8926 | Bailey   | Noticed a vault guard
  8936 | Bailey   | Killed a vault guard
  9186 | D:7      | Found Fed Gyw's Assorted Antiques.
  9287 | D:7      | Bought a scroll of identify for 20 gold pieces
  9357 | D:7      | Found Mymponwy's Book Shoppe.
  9362 | D:7      | Bought a book of Geomancy for 234 gold pieces
  9367 | D:7      | Learned a level 3 spell: Stone Arrow
  9434 | D:8      | Found a staircase to the Lair.
  9448 | Temple   | Entered the Ecumenical Temple
  9460 | Temple   | Became a worshipper of Vehumet
  9498 | D:8      | Reached skill level 14 in Spellcasting
 10181 | D:6      | Killed a boulder beetle
 10356 | D:8      | Noticed Pikel
 10365 | D:8      | Killed Pikel
 10366 | D:8      | Reached XP level 11. HP: 42/61 MP: 24/31
 10865 | D:8      | Noticed a two-headed ogre
 10869 | D:8      | Reached * piety under Vehumet
 10869 | D:8      | Offered knowledge of Foxfire by Vehumet.
 10877 | D:8      | Learned a level 1 spell: Foxfire
 10884 | D:8      | Killed a two-headed ogre
 10885 | D:8      | Reached skill level 15 in Spellcasting
 11041 | D:8      | Noticed a two-headed ogre
 11041 | D:8      | Noticed a skeletal warrior
 11095 | D:8      | Noticed Erica
 11106 | D:8      | Killed Erica
 11606 | D:8      | Killed a two-headed ogre
 11607 | D:8      | Reached skill level 5 in Armour
 11941 | D:8      | Killed a skeletal warrior
 12082 | D:7      | Bought a crystal whip for 232 gold pieces
 12082 | D:7      | Identified the +10 whip "Oxuwodoi" {vorpal, *Rage rN+
                  | Int+4} (You bought it in a shop on level 7 of the Dungeon)
 12290 | D:9      | Reached skill level 16 in Spellcasting
 12345 | D:9      | Reached ** piety under Vehumet
 12345 | D:9      | Offered knowledge of Freeze by Vehumet.
 12376 | D:9      | Noticed Gastronok
 12416 | D:9      | Killed Gastronok
 12933 | D:9      | Reached XP level 12. HP: 68/68 MP: 29/34
 13273 | D:9      | Reached skill level 5 in Fighting
 13533 | D:10     | Entered Level 10 of the Dungeon
 13597 | D:10     | Reached skill level 10 in Conjurations
 13764 | D:10     | Identified the +2 ring mail "Heseon" {-Cast rPois rC-
                  | rN+++}
 13846 | D:10     | Noticed a two-headed ogre
 13851 | D:10     | Killed a two-headed ogre
 13852 | D:10     | Reached skill level 17 in Spellcasting
 14280 | D:10     | Noticed Lodul
 14287 | D:10     | Killed Lodul
 14287 | D:10     | Noticed Harold
 14312 | D:10     | Killed Harold
 14786 | D:7      | Bought a scroll of identify for 20 gold pieces
 14786 | D:7      | Bought a scroll of fog for 20 gold pieces
 14953 | D:11     | Noticed a two-headed ogre
 15001 | D:11     | Found a frozen archway.
 15103 | IceCv    | Entered an ice cave
 15138 | IceCv    | Reached skill level 10 in Fire Magic
 15560 | IceCv    | Offered knowledge of Searing Ray by Vehumet.
 15650 | IceCv    | Reached skill level 18 in Spellcasting
 15735 | IceCv    | Reached *** piety under Vehumet
 15908 | IceCv    | Noticed a death yak
 15908 | IceCv    | Noticed a frost giant
 15908 | IceCv    | Noticed a death yak
 15923 | IceCv    | Killed a death yak
 15928 | IceCv    | Killed from afar by a frost giant

Illustrated notes

Levels and vault maps discovered:
D:1:      minmay_arrival_hallway, layout_basic, serial_forest,
          infiniplex_forest_clump_diagonal, infiniplex_forest_lined_room_2,
          infiniplex_forest_corner_2, infiniplex_forest_straight_3,
          infiniplex_forest_lined_corner, infiniplex_forest_straight_5,
          infiniplex_forest_lined_room_, infiniplex_forest_clump_double,
          dreamdust_ecumenical_altar_grove, serial_bayou_pond_d,
          minmay_pentomino_q2
D:2:      layout_loops_ring
D:3:      layout_rooms, mainiacjoe_overflow_catwalk,
          mainiacjoe_overflow_divided_tiny, minmay_misc_feat_plants,
          guppyfry_early_lair_pool, uniq_robin
D:4:      layout_rooms, dk_rats_in_the_wall
D:5:      layout_gridville, minmay_misc_feat_square
D:6:      layout_gridville, minmay_misc_feat_tiny, uniq_menkaure, uniq_maggie,
          uniq_eustachio
D:7:      layout_basic, minmay_temple_entry_from_below_b, serial_shops,
          nicolae_shop_statue_plus, shop, nicolae_shop_hallway_plus, shop,
          nicolae_shop_temple_entry_statues_fountains, enter_bailey_3
D:8:      layout_rooms, minmay_lair_entry_grove, hangedman_decor_points,
          nzn_random_ring, uniq_erica, uniq_pikel
D:9:      layout_loops_ring, nicolae_sextant, uniq_gastronok
D:10:     layout_irregular_city, uniq_harold, uniq_lodul
D:11:     layout_irregular_city, serial_column_ruins,
          column_ruins_circle_medium, column_ruins_open_small,
          column_ruins_columns_corner, column_ruins_columns_straight,
          column_ruins_open_large, column_ruins_corridor_straight,
          column_ruins_open_small, column_ruins_columns_corner,
          portal_ice_cave_demonic_guard, nicolae_two_hexagons
Temple:   mainiacjoe_temple_bowtie_tessellation
IceCv:    ice_cave_caverns_01

Skill      XL: |  1  2  3  4  5  6  7  8  9 10 11 12 |
---------------+-------------------------------------+-----
Spellcasting   | 5 6 7 8 10 12 14 16 18 | 18.2
Fighting       | 1 2 3 4 6 |  6.0
Armour         | 1 3 4 5 |  5.2
Conjurations   | 2 3 4 5 7 8 9 10 | 10.9
Dodging        | 3 |  3.0
Stealth        | 3 |  3.0
Fire Magic     | 1 3 4 6 7 9 10 | 10.4
Air Magic      | 1 |  1.0
Evocations     | 1 |  1.1
Earth Magic    | 1 |  1.0
Poison Magic   | 1 |  1.2
Summonings     | |  1.1
Translocations | |  1.1

Action                   |  1- 3 |  4- 6 |  7- 9 | 10-12 || total
-------------------------+-------+-------+-------+-------++-------
Melee: Staff             |       |    16 |    76 |    51 ||   143
       Punch             |       |       |     3 |     4 ||     7
       Whip              |       |       |       |   140 ||   140
       Dagger            |       |       |       |    28 ||    28
 Cast: Magic Dart        |   111 |   131 |   196 |    51 ||   489
       Mephitic Cloud    |     1 |     5 |    36 |    39 ||    81
       Conjure Flame     |       |     2 |    26 |    51 ||    79
       Call Imp          |       |       |     9 |    15 ||    24
       Blink             |       |       |     4 |     2 ||     6
       Stone Arrow       |       |       |       |   112 ||   112
       Foxfire           |       |       |       |    67 ||    67
Evoke: Wand              |       |       |     1 |       ||     1
  Use: Potion            |     2 |       |       |       ||     2
       Scroll            |       |       |       |    11 ||    11
 Stab: Confused          |       |       |     8 |    12 ||    20
       Sleeping          |       |       |       |     1 ||     1
Armor: Leather armour    |     5 |     5 |     9 |       ||    19
       Robe              |     3 |       |       |       ||     3
       Steam dragon scal |       |       |    19 |       ||    19
       Acid dragon scale |       |       |    11 |    75 ||    86
Dodge: Dodged            |    16 |    22 |    90 |   136 ||   264

Table legend: (Time is in decaauts)
 A = Elapsed time spent in this place.
 B = Non-inter-level travel time spent in this place.
 C = Inter-level travel time spent in this place.
 D = Time resting spent in this place.
 E = Time spent auto-exploring this place.
 F = Levels seen in this place.
 G = Mean time per level.
                   A        B        C        D        E       F      G
               +--------+--------+--------+--------+--------+-----+--------+
         Total |  16122 |  15415 |    707 |   1898 |   9686 |  14 | 1151.6 |
       Dungeon |  14295 |  13603 |    692 |   1416 |   9151 |  11 | 1299.5 |
        Temple |     71 |     56 |     15 |      0 |      6 |   1 |   71.0 |
        Bailey |    873 |    873 |      0 |    188 |    317 |   1 |  873.0 |
      Ice Cave |    882 |    882 |      0 |    294 |    212 |   1 |  882.0 |
               +--------+--------+--------+--------+--------+-----+--------+

Top non-repeatable levels by time:
     D:6: 2551 daAuts
     D:8: 1732 daAuts
     D:5: 1577 daAuts
     D:9: 1513 daAuts
     D:1: 1509 daAuts
     D:2: 1189 daAuts
     D:7: 1147 daAuts
    D:10: 1146 daAuts
     D:3: 953 daAuts
   IceCv: 882 daAuts
  Bailey: 873 daAuts
     D:4: 815 daAuts
    D:11: 159 daAuts
  Temple: 71 daAuts
